 Dungeon Crawl Stone Soup version 0.31.0-11-ge490571c62 (webtiles) character file.

Game seed: 15848805612894557395

381 Bobbunny the Trooper (level 7, 0/58 HPs)
             Began as a Formicid Delver on Feb 3, 2024.
             Slain by a gnoll
             ... wielding a +0 spear
              (6 damage)
             ... on level 3 of the Dungeon.
             The game lasted 00:02:49 (2227 turns).

Bobbunny the Trooper (Formicid Delver)              Turns: 2227, Time: 00:02:49

Health: 0/58       AC: 11    Str: 13    XL:     7   Next: 5%
Magic:  7/7        EV:  7    Int: 18    God:
Gold:   137        SH:  0    Dex: 18    Spells: 6/6 levels left

rFire   . . .        h - +9 mace of Kaulyps {freeze, rPois Str-5 Int+2 Dex+3}
rCold   . . .        (no shield)
rNeg    . . .        q - +0 chain mail
rPois   +            (helmet unavailable)
rElec   .            (no cloak)
rCorr   .            g - +2 pair of gloves
SInv    +            (no boots)
Will    .....        (no amulet)
Stlth   +            n - +6 ring of intelligence
HPRegen 0.29/turn    (no ring)
MPRegen 0.10/turn

%: no passive effects
@: no status effects
A: permanent stasis, dig shafts and tunnels, antennae 3, four strong arms
a: Dig, Shaft Self


You were on level 3 of the Dungeon.
You visited 1 branch of the dungeon, and saw 5 of its levels.

You collected 137 gold pieces.

Inventory:

Hand Weapons
 a - a +0 hand axe
 h - the +9 mace of Kaulyps (weapon) {freeze, rPois Str-5 Int+2 Dex+3}
   (You found it on level 4 of the Dungeon)

   Str-5:     It affects your strength (-5).
   Int+2:     It affects your intelligence (+2).
   Dex+3:     It affects your dexterity (+3).
   rPois:     It protects you from poison
Missiles
 f - 10 poisoned darts
 v - a boomerang
Armour
 b - a +0 leather armour
 g - a +2 pair of gloves (worn)
 q - a +0 chain mail (worn)
Jewellery
 n - a +6 ring of intelligence (left hand)
Wands
 o - a wand of digging (3)
Scrolls
 c - a scroll of fog
 d - 2 scrolls of revelation
 e - a scroll of fear
 i - 2 scrolls of identify {unknown}
 l - 2 scrolls of teleportation {unknown}
 p - a scroll of enchant armour {unknown}
 r - a scroll of acquirement {unknown}
 t - a scroll of butterflies {unknown}
Potions
 j - a potion of haste {unknown}
 k - 2 potions of curing {unknown}
 m - a potion of berserk rage {unknown}
 s - a potion of degeneration {unknown}
 u - a potion of ambrosia {unknown}


   Skills:
 + Level 6.1 Fighting
 + Level 5.0 Axes
 + Level 0.4 Throwing
 - Level 1.7 Dodging
 - Level 6.0 Stealth


You had 6 spell levels left.
You didn't know any spells.
Your spell library contained the following spells:

 Spells                   Type           Power      Damage    Failure   Level
 Apportation              Tloc           0%         N/A       99%         1
 Foxfire                  Conj/Fire      0%         2x1d4     99%         1
 Sandblast                Erth           0%         2d4       99%         1
 Summon Small Mammal      Summ           0%         N/A       99%         1
 Jinxbite                 Hex            0%         N/A       100%        2
 Call Canine Familiar     Summ           0%         N/A       100%        3
 Passwall                 Erth           0%         N/A       100%        3
 Stone Arrow              Conj/Erth      0%         3d7       100%        3
 Brom's Barrelling Bould  Conj/Erth      0%         2d3       100%        4
 Summon Blazeheart Golem  Fire/Summ      0%         N/A       100%        4
 Alistair's Intoxication  Alch           0%         N/A       100%        5
 Plasma Beam              Fire/Air       0%         2x1d10    100%        6
 Starburst                Conj/Fire      0%         6d3       100%        6


Dungeon Overview and Level Annotations

Branches:
Dungeon (5/15)
 Temple: D:4-7

Altars:
Ashenzari

Shops:
D:3 *

Annotations:
D:3 Ijyb


Innate Abilities, Weirdness & Mutations

You cannot be hasted, slowed, berserked, paralysed or teleported.
You can dig through walls and to a lower floor.
You have a pair of large antennae on your head. (SInv)
Your four strong arms can wield two-handed weapons with a shield.


Message History

You hit the gnoll. You freeze the gnoll.
The gnoll is almost dead.
Ijyb hits you but does no damage. The gnoll hits you with a +0 halberd!
The gnoll barely misses you.
You thump the gnoll! You freeze the gnoll.
You kill the gnoll!
Ijyb hits you but does no damage.
The gnoll hits you from afar with a +0 spear.
You closely miss Ijyb.
Ijyb grins evilly.
Ijyb zaps a wand.
The roots erupt in riotous growth!
The grasping roots grab you!
Ijyb is unaffected.
The grasping roots constrict you.
The gnoll hits you from afar with a +0 spear.
Ijyb hits you with a +0 dagger. The grasping roots constrict you.
The gnoll barely misses you.
You closely miss Ijyb. You punch Ijyb, but do no damage.
Ijyb hits you with a +0 dagger. The grasping roots constrict you.
* * * LOW HITPOINT WARNING * * *
The gnoll hits you from afar with a +0 spear!
* * * LOW HITPOINT WARNING * * *
You sock Ijyb! You freeze Ijyb.
Ijyb is severely wounded.
Ijyb hits you but does no damage. The grasping roots constrict you.
The gnoll hits you but does no damage.
The grasping roots release their grip on you.
You closely miss Ijyb.
Ijyb is severely wounded.
Ijyb barely misses you. The gnoll hits you but does no damage.
You barely miss Ijyb.
Ijyb is severely wounded.
Ijyb hits you but does no damage.
The gnoll hits you from afar with a +0 spear.
* * * LOW HITPOINT WARNING * * *
Ijyb completely misses you. The gnoll barely misses you.
You hit Ijyb. You freeze Ijyb. Your punch misses Ijyb.
Ijyb is almost dead.
Ijyb barely misses you.
The gnoll hits you from afar with a +0 spear.
You die...

##.##.#####.# ######.#.##.#.# #
#.##.......# ##.###.#.# #
#.########## #..##.#.### #.##
##.##.#.##. #..#
###############.##...##. ##.#
#.......#....)..##...##.
###.####.......#.####..##._.##.
###)....##.......#.####..##......
#...)...##....g)@..##..........).
#.#.#...##.....)g#.##.#..##.#....
#.#.....##.>.....#.......##.#.##.
#.#.##..##..............###.#.##.
#.#.##..########.#....### #.#.##.
#.....### #.#....# #...##.
###...# #.##..######...### #####
#.....# #....≈.... ##.##
#..#.≈..#.


You could see Ijyb and a gnoll.

Vanquished Creatures
  Sigmund (D:3)
  An orc priest (D:3)
  A sleepcap (D:2)
  Robin (D:2)
  2 adders
  3 gnolls (D:3)
  A dart slug (D:2)
  2 ribbon worms (D:2)
  5 orcs (D:3)
  6 bats
  7 endoplasms
  5 giant cockroaches
  17 goblins
  4 hobgoblins
  4 jackals (D:1)
  8 kobolds
  2 quokkas (D:1)
  8 ball pythons
  A frilled lizard (D:2)
  10 rats
89 creatures vanquished.

Notes
Turn   | Place    | Note
-------+----------+-------------------------------------------
     0 | D:5      | Bobbunny the Formicid Delver began the quest for the Orb.
     0 | D:5      | Reached XP level 1. HP: 18/18 MP: 1/1
     7 | D:5      | Noticed an iguana
    78 | D:5      | Noticed a lemure
   216 | D:4      | Identified the +9 mace of Kaulyps {freeze, rPois Str-5
                  | Int+2 Dex+3}
   307 | D:3      | Reached XP level 2. HP: 24/24 MP: 2/2
   320 | D:3      | Found Dixip's General Store.
   362 | D:3      | Found a broken altar of Ashenzari.
   408 | D:2      | Reached XP level 3. HP: 30/30 MP: 3/3
   483 | D:2      | Reached XP level 4. HP: 38/38 MP: 4/4
  1074 | D:1      | Reached XP level 5. HP: 43/43 MP: 5/5
  1205 | D:1      | Found a faded altar of an unknown god.
  1723 | D:2      | Noticed Robin
  1726 | D:2      | Reached skill level 5 in Fighting
  1740 | D:2      | Killed Robin
  2038 | D:3      | Noticed Sigmund
  2045 | D:3      | Killed Sigmund
  2046 | D:3      | Reached XP level 6. HP: 30/52 MP: 6/6
  2204 | D:3      | Reached skill level 5 in Axes
  2214 | D:3      | Noticed Ijyb
  2218 | D:3      | Reached XP level 7. HP: 49/58 MP: 7/7
  2227 | D:3      | Slain by a gnoll

Illustrated notes

Levels and vault maps discovered:
D:1:      giann_bridges, layout_basic, hellmonk_ecumenical_altar_slurped_away,
          minmay_surrounded
D:2:      layout_basic, uniq_robin
D:3:      layout_loops_cross, gammafunk_temple_overflow_statue,
          mainiacjoe_overflow_boulevard, serial_shops, shop, uniq_ijyb,
          uniq_sigmund
D:4:      nicolae_BIG_FREAKIN_CUBE, layout_basic, temple_pool_b, uniq_grinder,
          uniq_menkaure
D:5:      layout_cave_pods, serial_glass, glass_columns_a, glass_columns_a,
          water_boxes_lemuel, uniq_prince_ribbit1, uniq_blork_the_orc,
          uniq_pikel

Skill      XL: |  1  2  3  4  5  6 |
---------------+-------------------+-----
Fighting       | 4 6 |  6.1
Axes           | 3 4 5 |  5.0
Throwing       | |  0.4
Dodging        | |  1.7
Stealth        | |  6.0

Action                     |  1- 3 |  4- 6 |  7- 9 || total
---------------------------+-------+-------+-------++-------
  Melee: Hand axe          |     5 |       |       ||     5
         Mace              |    23 |   112 |    10 ||   145
         Punch             |     1 |     1 |     3 ||     5
  Throw: Dart              |       |     1 |       ||     1
   Stab: Sleeping          |     7 |     7 |       ||    14
 Armour: Leather armour    |     6 |     5 |       ||    11
         Chain mail        |       |    74 |    18 ||    92
  Dodge: Dodged            |    17 |    54 |     9 ||    80
